Capitals vs Flyers
(R2)
Created - 6 mai 2016 at 19:03
Goals
|
| Capitals |
0 |
0 |
2 |
0 |
2 |
| Flyers |
1 |
1 |
0 |
1 |
3 |
|
Shots
|
| Capitals |
7 |
5 |
6 |
0 |
18 |
| Flyers |
4 |
3 |
14 |
2 |
23 |
|
1st period
1. Flyers , Dany Heatley 1 (Jeff Carter) at 0:04
Penalties :
Patrick Marleau (Phi) for Hooking (Minor) at 3:54, Jeff Carter (Phi) for Cross-checking (Minor) at 9:14, Georges Laraque (Phi) for Fighting (Major) at 11:56, Brent Seabrook (Was) for Fighting (Major) at 11:56, Georges Laraque (Phi) for instigated a fight (Minor) at 11:56, Georges Laraque (Phi) for instigated a fight (10 Minutes Misconduct) at 11:56, David Krejci (Was) for Hooking (Minor) at 18:18
2nd period
2. Flyers , Kyle Wellwood 1 (Pavel Kubina) at 4:26
Penalties :
Marek Zidlicky (Was) for High sticking (Minor) at 7:20, Pavel Kubina (Phi) for Hooking (Minor) at 11:08, Patrick Marleau (Phi) for Hooking (Minor) at 13:19, Marek Zidlicky (Was) for Roughing (Minor) at 19:53
3rd period
3. Capitals , James Neal 1 (Tyler Johnson, Johan Franzen) at 14:23
4. Capitals , Thomas Vanek 1 (Pavel Datsyuk) at 17:27
Penalties :
Thomas Vanek (Was) for Hooking (Minor) at 6:01, Kyle Wellwood (Phi) for Hooking (Minor) at 11:51, Patrik Elias (Was) for Hooking (Minor) at 15:06, James Neal (Was) for Slashing (Minor) at 19:31
Overtime #1
5. Flyers , Jeff Carter 1 (Dany Heatley, Kyle Wellwood) at 2:54
Penalties :
No Penalty
Goalie Stats
Jaroslav Halak (Was), 20 saves from 23 shots - (0,870), OTL, 0-0-1, 62:54 minutes
Cory Schneider (Phi), 16 saves from 18 shots - (0,889), W, 1-0-0, 62:54 minutes
Players Stats for Capitals
Player Name G A P +/- PIM S H SB GA TA FO MP PP MP PK MP
------------------------------------------------------------------------------------
Brad Richards 0 0 0 -1 0 0 2 0 0 0 6/12 21:10 5:11 6:30
Brent Seabrook 0 0 0 -1 5 1 2 2 0 0 0/0 27:00 5:38 7:12
Brian Campbell 0 0 0 -2 0 0 4 1 1 1 0/0 22:23 4:59 4:23
Carl Hagelin 0 0 0 0 0 0 0 0 0 0 0/0 7:15 0:00 0:00
David Krejci 0 0 0 0 2 1 0 0 0 0 1/2 7:23 0:00 0:00
Jakub Voracek 0 0 0 -1 0 0 1 0 1 0 1/1 11:00 0:18 0:00
James Neal 1 0 1 1 2 1 1 1 2 0 3/3 14:27 0:32 1:28
Jay Harrison 0 0 0 2 0 0 0 0 0 0 0/0 13:24 1:17 0:56
Johan Franzen 0 1 1 1 0 3 1 0 0 0 0/1 17:58 6:25 0:00
Keith Yandle 0 0 0 2 0 0 0 0 1 0 0/0 12:59 0:00 1:34
Marek Zidlicky 0 0 0 -2 4 0 0 0 0 1 0/0 21:05 4:59 3:08
Mark Streit 0 0 0 -1 0 1 0 3 0 1 0/0 28:36 6:55 6:35
Mikael Samuelsson 0 0 0 0 0 2 1 0 0 0 0/1 10:34 0:00 2:45
Patrik Elias 0 0 0 -1 2 1 4 0 1 0 0/0 17:28 5:11 3:16
Pavel Datsyuk 0 1 1 -1 0 2 2 0 1 0 14/29 23:47 6:25 6:22
Ryan Callahan 0 0 0 -1 0 0 0 1 0 0 0/0 13:53 5:11 0:00
Thomas Vanek 1 0 1 -1 2 5 1 1 0 2 1/1 19:57 6:29 2:48
Tyler Johnson 0 1 1 1 0 1 0 1 0 1 4/6 12:10 0:00 0:39
Players Stats for Flyers
Player Name G A P +/- PIM S H SB GA TA FO MP PP MP PK MP
------------------------------------------------------------------------------------
Dany Heatley 1 1 2 2 0 5 4 0 0 0 0/0 21:36 5:09 4:59
Dave Tanabe 0 0 0 -1 0 0 0 2 0 0 0/0 20:11 3:10 5:38
Georges Laraque 0 0 0 2 17 0 2 0 0 1 0/1 11:02 4:46 0:00
Jeff Carter 1 1 2 2 2 3 2 0 1 0 7/16 19:05 5:09 1:56
Jeff O'Neill 0 0 0 -2 0 0 1 0 0 0 3/7 10:19 1:18 0:17
Jeff Woywitka 0 0 0 1 0 0 2 0 0 1 0/0 27:29 5:58 6:40
Jonathan Ericsson 0 0 0 1 0 0 0 0 0 0 0/0 18:11 3:14 5:42
Kyle McLaren 0 0 0 -1 0 0 0 0 0 0 0/0 11:32 0:23 1:01
Kyle Wellwood 1 1 2 1 2 1 3 1 1 0 11/17 21:41 4:50 3:11
Loui Eriksson 0 0 0 1 0 1 2 0 1 1 0/0 16:29 5:43 0:00
Mats Zuccarello 0 0 0 -2 0 1 1 0 0 0 1/1 8:59 0:00 0:00
Matt Smaby 0 0 0 1 0 4 3 2 0 1 0/0 25:18 5:33 4:47
Matthew Lombardi 0 0 0 0 0 0 3 0 0 0 3/11 15:16 0:47 6:30
Mike York 0 0 0 -2 0 1 2 0 0 0 0/0 10:13 1:01 0:24
Patrick Marleau 0 0 0 1 4 3 1 0 0 1 0/0 16:45 5:31 0:00
Pavel Kubina 0 1 1 1 2 1 2 0 2 0 0/0 23:13 5:36 0:00
Rostislav Olesz 0 0 0 0 0 3 2 0 1 2 1/2 15:33 0:13 6:31
Stefan Ruzicka 0 0 0 0 0 0 0 0 0 0 0/1 9:38 1:09 0:00
3 Stars
1 - Dany Heatley (Phi)
2 - Jeff Carter (Phi)
3 - Kyle Wellwood (Phi)
Power Play
Capitals - 0 on 6 Attempt(s) - 0,00%
Flyers - 0 on 6 Attempt(s) - 0,00%
Penalty Kill
Capitals - 6 on 6 Attempt(s) - 100,00%
- Score 0 goal in Penalty Kill
Flyers - 6 on 6 Attempt(s) - 100,00%
- Score 0 goal in Penalty Kill
Team Stat
Capitals - Hits : 19 - Faceoff Wins : 30 - Blocked Shots : 10 - Penalty Minutes : 17
Flyers - Hits : 30 - Faceoff Wins : 26 - Blocked Shots : 5 - Penalty Minutes : 27
Official
Referees : Kowal Tom and Pochmara Brian
Linesman : Steve Miller and Jean Morin
Game Notes
Brent Seabrook beats up Georges Laraque at 11:56 of 1st period
Jonathan Ericsson is injured at 2:36 of 3rd period (Fractured Right Foot)
Finance
Level 1 -- Attendance: 6000 (100,00%) -- Ticket Income 510 000 $
Level 2 -- Attendance: 5000 (100,00%) -- Ticket Income 250 000 $
Level 3 -- Attendance: 2000 (100,00%) -- Ticket Income 60 000 $
Level 4 -- Attendance: 4000 (100,00%) -- Ticket Income 80 000 $
Luxury Box -- Attendance: 1000 (100,00%) -- Ticket Income 165 000 $
Game was played at the Wells Fargo Center.
Total Attendance: 18000 (100,00%)
Total Ticket Income: 1 065 000 $
Other Income: 159 750 $
Total Income: 1 224 750 $
Capitals
5 vs 5 Forward
Center Left Wing Right Wing Time % Phy DF OF
1 Pavel Datsyuk Thomas Vanek Jakub Voracek 40 1 2 2
2 Brad Richards Patrik Elias Ryan Callahan 30 1 2 2
3 Tyler Johnson James Neal Johan Franzen 20 1 2 2
4 David Krejci Carl Hagelin Mikael Samuelsson 10 1 2 2
5 vs 5 Defense
Defense Defense Time % Phy DF OF
1 Brent Seabrook Mark Streit 40 1 2 2
2 Brian Campbell Marek Zidlicky 30 1 2 2
3 Jay Harrison Keith Yandle 20 1 2 2
4 Keith Yandle Brent Seabrook 10 1 2 2
PowerPlay Forward
Center Left Wing Right Wing Time % Phy DF OF
1 Pavel Datsyuk Thomas Vanek Johan Franzen 60 1 2 2
2 Brad Richards Patrik Elias Ryan Callahan 40 1 2 2
PowerPlay Defense
Defense Defense Time % Phy DF OF
1 Brent Seabrook Mark Streit 60 1 2 2
2 Brian Campbell Marek Zidlicky 40 1 2 2
Penalty Kill 4 Players Forward
Center Wing Time % Phy DF OF
1 Pavel Datsyuk Brad Richards 60 1 2 2
2 Thomas Vanek Patrik Elias 40 1 2 2
Penalty Kill 4 Players Defense
Defense Defense Time % Phy DF OF
1 Brent Seabrook Mark Streit 60 1 2 2
2 Brian Campbell Marek Zidlicky 40 1 2 2
Penalty Kill - 3 Players Forward
Forward Time % Phy DF OF
1 Pavel Datsyuk 60 1 2 2
2 Brad Richards 40 1 2 2
Penalty Kill - 3 Players Defense
Defense Defense Time % Phy DF OF
1 Brent Seabrook Mark Streit 60 1 2 2
2 Brian Campbell Marek Zidlicky 40 1 2 2
4 vs 4 Forward
Center Wing Time % Phy DF OF
1 Pavel Datsyuk Brad Richards 60 1 2 2
2 Thomas Vanek Patrik Elias 40 1 2 2
4 vs 4 Defense
Defense Defense Time % Phy DF OF
1 Brent Seabrook Mark Streit 60 1 2 2
2 Brian Campbell Marek Zidlicky 40 1 2 2
Last Minutes Offensive
Center Left Wing Right Wing Defense Defense
Pavel Datsyuk Thomas Vanek Johan Franzen Brent Seabrook Mark Streit
Last Minutes Defensive
Center Left Wing Right Wing Defense Defense
Pavel Datsyuk Thomas Vanek Johan Franzen Brent Seabrook Mark Streit
Goaltenders
Starting : Jaroslav Halak
Backup : Tim Thomas
Extra Forwards
Normal : James Neal, Jakub Voracek, Mikael Samuelsson - PP : James Neal, Jakub Voracek - PK : Mikael Samuelsson
Extra Defensemen
Normal : Jay Harrison, Keith Yandle, Mark Streit - PP : Jay Harrison - PK : Keith Yandle, Mark Streit
Penalty Shots
Pavel Datsyuk, Brad Richards, Thomas Vanek, Patrik Elias, Johan Franzen
Flyers
5 vs 5 Forward
Center Left Wing Right Wing Time % Phy DF OF
1 Jeff Carter Dany Heatley Georges Laraque 35 1 0 4
2 Kyle Wellwood Patrick Marleau Loui Eriksson 35 0 0 5
3 Matthew Lombardi Rostislav Olesz Stefan Ruzicka 15 0 3 2
4 Jeff O'Neill Mike York Mats Zuccarello 15 0 3 2
5 vs 5 Defense
Defense Defense Time % Phy DF OF
1 Jeff Woywitka Jonathan Ericsson 40 1 2 2
2 Pavel Kubina Matt Smaby 40 1 2 2
3 Dave Tanabe Kyle McLaren 15 1 4 0
4 Jonathan Ericsson Jeff Woywitka 5 1 2 2
PowerPlay Forward
Center Left Wing Right Wing Time % Phy DF OF
1 Jeff Carter Dany Heatley Georges Laraque 50 1 2 2
2 Kyle Wellwood Patrick Marleau Loui Eriksson 50 1 2 2
PowerPlay Defense
Defense Defense Time % Phy DF OF
1 Jonathan Ericsson Jeff Woywitka 50 1 2 2
2 Pavel Kubina Matt Smaby 50 1 2 2
Penalty Kill 4 Players Forward
Center Wing Time % Phy DF OF
1 Matthew Lombardi Rostislav Olesz 60 0 5 0
2 Kyle Wellwood Dany Heatley 40 0 5 0
Penalty Kill 4 Players Defense
Defense Defense Time % Phy DF OF
1 Jeff Woywitka Jonathan Ericsson 60 0 5 0
2 Matt Smaby Dave Tanabe 40 0 5 0
Penalty Kill - 3 Players Forward
Forward Time % Phy DF OF
1 Matthew Lombardi 60 0 5 0
2 Kyle Wellwood 40 0 5 0
Penalty Kill - 3 Players Defense
Defense Defense Time % Phy DF OF
1 Jonathan Ericsson Jeff Woywitka 60 0 5 0
2 Matt Smaby Dave Tanabe 40 0 5 0
4 vs 4 Forward
Center Wing Time % Phy DF OF
1 Jeff Carter Dany Heatley 50 1 2 2
2 Kyle Wellwood Loui Eriksson 50 1 2 2
4 vs 4 Defense
Defense Defense Time % Phy DF OF
1 Jonathan Ericsson Jeff Woywitka 50 1 2 2
2 Matt Smaby Pavel Kubina 50 1 2 2
Last Minutes Offensive
Center Left Wing Right Wing Defense Defense
Kyle Wellwood Patrick Marleau Loui Eriksson Pavel Kubina Jeff Woywitka
Last Minutes Defensive
Center Left Wing Right Wing Defense Defense
Matthew Lombardi Dany Heatley Georges Laraque Jeff Woywitka Jonathan Ericsson
Goaltenders
Starting : Cory Schneider
Backup : Viktor Fasth
Extra Forwards
Normal : Jeff Carter, Kyle Wellwood, Patrick Marleau - PP : Jeff Carter, Kyle Wellwood - PK : Matthew Lombardi
Extra Defensemen
Normal : Jonathan Ericsson, Jeff Woywitka, Pavel Kubina - PP : Jonathan Ericsson - PK : Jeff Woywitka, Jonathan Ericsson
Penalty Shots
Patrick Marleau, Dany Heatley, Jeff Carter, Loui Eriksson, Kyle Wellwood
% Time on Ice - Capitals
Lines # - Real PCT - Wanted PCT - Time Play
Normal Forward
1 - 30% - 40% - 11:38
2 - 22% - 30% - 8:46
3 - 29% - 20% - 11:27
4 - 19% - 10% - 7:15
Normal Defense
1 - 40% - 40% - 15:37
2 - 32% - 30% - 12:23
3 - 25% - 20% - 9:48
4 - 3% - 10% - 1:18
PP Forward
1 - 56% - 60% - 6:43
2 - 44% - 40% - 5:11
PP Defense
1 - 58% - 60% - 6:55
2 - 42% - 40% - 4:59
PK Forward
1 - 71% - 60% - 8:26
2 - 29% - 40% - 3:28
PK Defense
1 - 63% - 60% - 7:31
2 - 37% - 40% - 4:23
PK3 Forward
1 - 0% - 60%
2 - 0% - 40%
PK3 Defense
1 - 0% - 60%
2 - 0% - 40%
44 Forward
1 - 0% - 60%
2 - 0% - 40%
44 Defense
1 - 0% - 60%
2 - 0% - 40%
Last Minute Offensive - 0:00
Last Minute Defensive - 0:00
Total
Forward - 62:54
Defense - 62:54
|
% Time on Ice - Flyers
Lines # - Real PCT - Wanted PCT - Time Play
Normal Forward
1 - 30% - 35% - 11:42
2 - 27% - 35% - 10:28
3 - 21% - 15% - 8:22
4 - 22% - 15% - 8:34
Normal Defense
1 - 42% - 40% - 16:16
2 - 40% - 40% - 15:42
3 - 18% - 15% - 7:08
4 - 0% - 5% - 0:00
PP Forward
1 - 46% - 50% - 5:30
2 - 54% - 50% - 6:24
PP Defense
1 - 50% - 50% - 5:58
2 - 50% - 50% - 5:56
PK Forward
1 - 66% - 60% - 7:52
2 - 34% - 40% - 4:02
PK Defense
1 - 65% - 60% - 7:41
2 - 35% - 40% - 4:13
PK3 Forward
1 - 0% - 60%
2 - 0% - 40%
PK3 Defense
1 - 0% - 60%
2 - 0% - 40%
44 Forward
1 - 0% - 50%
2 - 0% - 50%
44 Defense
1 - 0% - 50%
2 - 0% - 50%
Last Minute Offensive - 0:00
Last Minute Defensive - 0:00
Total
Forward - 62:54
Defense - 62:54
|
Play by Play
1st period
0:01 of 1st period - Jeff Carter wins face-off versus Pavel Datsyuk in neutral zone.
0:04 of 1st period - Wrist shot by Dany Heatley.
0:04 of 1st period - Goal by Dany Heatley - Capitals : 0 - Flyers : 1.
0:05 of 1st period - Kyle Wellwood wins face-off versus Brad Richards in neutral zone.
0:42 of 1st period - Icing by Thomas Vanek.
0:43 of 1st period - Pavel Datsyuk wins face-off versus Stefan Ruzicka in Capitals zone.
0:43 of 1st period - Pavel Datsyuk is hit by Matthew Lombardi.
1:19 of 1st period - Slapshot by Mats Zuccarello.
1:19 of 1st period - Shot Blocked by Tyler Johnson.
1:31 of 1st period - Slapshot by Mikael Samuelsson.
1:31 of 1st period - Stopped by Cory Schneider with a rebound.
2:28 of 1st period - Off-side.
2:29 of 1st period - James Neal wins face-off versus Jeff O'Neill in neutral zone.
3:07 of 1st period - Patrik Elias is hit by Georges Laraque.
3:17 of 1st period - Kyle Wellwood is hit by Pavel Datsyuk and loses puck.
3:54 of 1st period - Minor Penalty to Patrick Marleau for Hooking.
3:55 of 1st period - Pavel Datsyuk wins face-off versus Matthew Lombardi in Flyers zone.
3:59 of 1st period - Snap shot by Thomas Vanek.
3:59 of 1st period - Stopped by Cory Schneider with a rebound.
4:05 of 1st period - Wrist shot by Thomas Vanek.
4:05 of 1st period - Deflect By Pavel Datsyuk.
4:05 of 1st period - Stopped by Cory Schneider without a rebound.
4:06 of 1st period - Pavel Datsyuk wins face-off versus Matthew Lombardi in Flyers zone.
4:18 of 1st period - Off-side.
4:19 of 1st period - Matthew Lombardi wins face-off versus Johan Franzen in neutral zone.
4:56 of 1st period - Snap shot by Thomas Vanek.
4:56 of 1st period - Stopped by Cory Schneider without a rebound.
4:57 of 1st period - Brad Richards wins face-off versus Matthew Lombardi in Flyers zone.
5:17 of 1st period - Patrik Elias is hit by Matthew Lombardi and loses puck.
5:54 of 1st period - Penalty to Patrick Marleau is over, Patrick Marleau is back on ice.
6:22 of 1st period - Mark Streit is hit by Georges Laraque and loses puck.
7:00 of 1st period - Snap shot by David Krejci.
7:00 of 1st period - Shot Misses the Net.
7:02 of 1st period - Wrist shot by Mikael Samuelsson.
7:02 of 1st period - Stopped by Cory Schneider without a rebound.
7:03 of 1st period - David Krejci wins face-off versus Jeff Carter in Flyers zone.
7:56 of 1st period - Snap shot by Rostislav Olesz.
7:56 of 1st period - Stopped by Jaroslav Halak without a rebound.
7:57 of 1st period - Pavel Datsyuk wins face-off versus Jeff Carter in Capitals zone.
8:06 of 1st period - Slapshot by Dany Heatley.
8:06 of 1st period - Stopped by Jaroslav Halak with a rebound.
8:29 of 1st period - Snap shot by Brad Richards.
8:29 of 1st period - Shot Misses the Net.
8:31 of 1st period - Snap shot by Brad Richards.
8:31 of 1st period - Shot Misses the Net.
9:11 of 1st period - Snap shot by Pavel Datsyuk.
9:11 of 1st period - Stopped by Cory Schneider without a rebound.
9:12 of 1st period - Jeff Carter wins face-off versus Brad Richards in Flyers zone.
9:14 of 1st period - Minor Penalty to Jeff Carter for Cross-checking.
9:15 of 1st period - Matthew Lombardi wins face-off versus Pavel Datsyuk in Flyers zone.
11:14 of 1st period - Penalty to Jeff Carter is over, Jeff Carter is back on ice.
11:14 of 1st period - James Neal is hit by Jeff Carter and loses puck.
11:27 of 1st period - Snap shot by Jeff Carter.
11:27 of 1st period - Stopped by Jaroslav Halak without a rebound.
11:28 of 1st period - Kyle Wellwood wins face-off versus Mikael Samuelsson in Capitals zone.
11:43 of 1st period - Slapshot by David Krejci.
11:43 of 1st period - Deflect By Carl Hagelin.
11:43 of 1st period - Shot Blocked by Matt Smaby.
11:43 of 1st period - Puck is out of play.
11:44 of 1st period - Jeff Carter wins face-off versus Brad Richards in Flyers zone.
11:56 of 1st period - Brent Seabrook beats up Georges Laraque.
11:56 of 1st period - Penalty to Georges Laraque for Fighting.
11:56 of 1st period - Penalty to Brent Seabrook for Fighting.
11:56 of 1st period - Penalty to Georges Laraque for instigated a fight.
11:56 of 1st period - Penalty to Georges Laraque for instigated a fight.
11:57 of 1st period - Pavel Datsyuk wins face-off versus Matthew Lombardi in neutral zone.
12:26 of 1st period - Snap shot by Kyle Wellwood.
12:26 of 1st period - Deflect By Dany Heatley.
12:26 of 1st period - Shot Blocked by Ryan Callahan.
12:26 of 1st period - Puck is out of play.
12:27 of 1st period - Kyle Wellwood wins face-off versus Pavel Datsyuk in Capitals zone.
12:42 of 1st period - Slapshot by Thomas Vanek.
12:42 of 1st period - Shot Hit the Post.
13:45 of 1st period - Jay Harrison is hit by Dany Heatley and loses puck.
13:56 of 1st period - Penalty to Georges Laraque is over, Loui Eriksson is send on ice.
14:12 of 1st period - Marek Zidlicky is hit by Matt Smaby and loses puck.
14:37 of 1st period - Thomas Vanek is hit by Kyle Wellwood and loses puck.
14:50 of 1st period - Stefan Ruzicka is hit by Patrik Elias and loses puck.
15:19 of 1st period - Jonathan Ericsson is hit by Johan Franzen and loses puck.
15:41 of 1st period - Wrist shot by Brad Richards.
15:41 of 1st period - Shot Misses the Net.
15:53 of 1st period - Jeff O'Neill is hit by Thomas Vanek and loses puck.
16:19 of 1st period - Dany Heatley is hit by Brad Richards and loses puck.
16:34 of 1st period - Mark Streit is hit by Rostislav Olesz and loses puck.
17:07 of 1st period - David Krejci is hit by Patrick Marleau and loses puck.
18:04 of 1st period - Slapshot by Brent Seabrook.
18:04 of 1st period - Deflect By Loui Eriksson.
18:04 of 1st period - Stopped by Cory Schneider with a rebound.
18:18 of 1st period - Minor Penalty to David Krejci for Hooking.
18:19 of 1st period - Pavel Datsyuk wins face-off versus Jeff Carter in Capitals zone.
18:54 of 1st period - Jeff Carter is hit by Pavel Datsyuk and loses puck.
Goals for this period are 0 for Capitals vs 1 for Flyers.
Shots for this period are 7 for Capitals vs 4 for Flyers.
2nd period
0:01 of 2nd period - Kyle Wellwood wins face-off versus Brad Richards in neutral zone.
0:04 of 2nd period - Slapshot by Loui Eriksson.
0:04 of 2nd period - Stopped by Jaroslav Halak without a rebound.
0:05 of 2nd period - Kyle Wellwood wins face-off versus Pavel Datsyuk in Capitals zone.
0:18 of 2nd period - Penalty to David Krejci is over, David Krejci is back on ice.
0:22 of 2nd period - Wrist shot by Kyle Wellwood.
0:22 of 2nd period - Shot Misses the Net.
0:36 of 2nd period - Slapshot by Johan Franzen.
0:36 of 2nd period - Shot Misses the Net.
1:08 of 2nd period - Ryan Callahan is hit by Mike York and loses puck.
1:27 of 2nd period - Dave Tanabe is hit by Brian Campbell.
1:52 of 2nd period - Jay Harrison is hit by Jeff Woywitka and loses puck.
2:57 of 2nd period - Ryan Callahan is hit by Matthew Lombardi and loses puck.
4:12 of 2nd period - Slapshot by Johan Franzen.
4:12 of 2nd period - Stopped by Cory Schneider with a rebound.
4:14 of 2nd period - Snap shot by Johan Franzen.
4:14 of 2nd period - Stopped by Cory Schneider without a rebound.
4:15 of 2nd period - Brad Richards wins face-off versus Kyle Wellwood in Flyers zone.
4:26 of 2nd period - Wrist shot by Kyle Wellwood.
4:26 of 2nd period - Goal by Kyle Wellwood - Capitals : 0 - Flyers : 2.
4:27 of 2nd period - Kyle Wellwood wins face-off versus Pavel Datsyuk in neutral zone.
5:13 of 2nd period - Wrist shot by Johan Franzen.
5:13 of 2nd period - Stopped by Cory Schneider without a rebound.
5:14 of 2nd period - James Neal wins face-off versus Jeff Carter in Flyers zone.
5:31 of 2nd period - Dany Heatley is hit by Brian Campbell and loses puck.
5:42 of 2nd period - Matt Smaby is hit by Brian Campbell and loses puck.
6:47 of 2nd period - Marek Zidlicky is hit by Pavel Kubina and loses puck.
6:56 of 2nd period - 10 Minutes Misconduct Penalty to Georges Laraque is over.
7:20 of 2nd period - Minor Penalty to Marek Zidlicky for High sticking.
7:21 of 2nd period - Jeff O'Neill wins face-off versus Brad Richards in Capitals zone.
7:35 of 2nd period - Snap shot by Loui Eriksson.
7:35 of 2nd period - Shot Blocked by Brent Seabrook.
7:37 of 2nd period - Snap shot by Patrick Marleau.
7:37 of 2nd period - Shot Misses the Net.
8:05 of 2nd period - Patrik Elias is hit by Mike York and loses puck.
8:39 of 2nd period - Thomas Vanek is hit by Jeff O'Neill and loses puck.
9:20 of 2nd period - Penalty to Marek Zidlicky is over, Marek Zidlicky is back on ice.
9:28 of 2nd period - Snap shot by David Krejci.
9:28 of 2nd period - Shot Blocked by Dave Tanabe.
9:30 of 2nd period - Wrist shot by Brent Seabrook.
9:30 of 2nd period - Deflect By David Krejci.
9:30 of 2nd period - Stopped by Cory Schneider without a rebound.
9:31 of 2nd period - Mats Zuccarello wins face-off versus David Krejci in Flyers zone.
10:46 of 2nd period - Wrist shot by Jeff Carter.
10:46 of 2nd period - Shot Misses the Net.
11:01 of 2nd period - Icing by Matt Smaby.
11:02 of 2nd period - Jeff O'Neill wins face-off versus Tyler Johnson in Flyers zone.
11:08 of 2nd period - Minor Penalty to Pavel Kubina for Hooking.
11:09 of 2nd period - Pavel Datsyuk wins face-off versus Rostislav Olesz in Flyers zone.
12:15 of 2nd period - Thomas Vanek is hit by Matt Smaby and loses puck.
12:28 of 2nd period - Matt Smaby is hit by Patrik Elias and loses puck.
13:08 of 2nd period - Penalty to Pavel Kubina is over, Pavel Kubina is back on ice.
13:19 of 2nd period - Minor Penalty to Patrick Marleau for Hooking.
13:20 of 2nd period - Thomas Vanek wins face-off versus Matthew Lombardi in Flyers zone.
15:19 of 2nd period - Penalty to Patrick Marleau is over, Patrick Marleau is back on ice.
15:26 of 2nd period - Patrick Marleau is hit by Brent Seabrook and loses puck.
15:33 of 2nd period - Slapshot by David Krejci.
15:33 of 2nd period - Shot Misses the Net.
15:35 of 2nd period - Slapshot by Carl Hagelin.
15:35 of 2nd period - Shot Blocked by Matt Smaby.
16:08 of 2nd period - Jay Harrison is hit by Kyle Wellwood and loses puck.
16:37 of 2nd period - Georges Laraque is hit by Patrik Elias and loses puck.
18:06 of 2nd period - Mark Streit is hit by Loui Eriksson and loses puck.
18:20 of 2nd period - Snap shot by James Neal.
18:20 of 2nd period - Shot Misses the Net.
18:22 of 2nd period - Wrist shot by Tyler Johnson.
18:22 of 2nd period - Stopped by Cory Schneider with a rebound.
18:44 of 2nd period - Carl Hagelin is hit by Mats Zuccarello and loses puck.
19:01 of 2nd period - Loui Eriksson is hit by James Neal and loses puck.
19:53 of 2nd period - Minor Penalty to Marek Zidlicky for Roughing.
19:54 of 2nd period - Kyle Wellwood wins face-off versus Pavel Datsyuk in Capitals zone.
19:58 of 2nd period - Slapshot by Patrick Marleau.
19:58 of 2nd period - Stopped by Jaroslav Halak with a rebound.
Goals for this period are 0 for Capitals vs 1 for Flyers.
Shots for this period are 5 for Capitals vs 3 for Flyers.
3rd period
0:01 of 3rd period - Pavel Datsyuk wins face-off versus Jeff Carter in neutral zone.
0:12 of 3rd period - Slapshot by Matt Smaby.
0:12 of 3rd period - Shot Blocked by Mark Streit.
0:14 of 3rd period - Wrist shot by Matt Smaby.
0:14 of 3rd period - Stopped by Jaroslav Halak with a rebound.
0:16 of 3rd period - Snap shot by Dany Heatley.
0:16 of 3rd period - Stopped by Jaroslav Halak with a rebound.
0:32 of 3rd period - Slapshot by Matt Smaby.
0:32 of 3rd period - Shot Blocked by Thomas Vanek.
0:34 of 3rd period - Slapshot by Pavel Kubina.
0:34 of 3rd period - Deflect By Patrick Marleau.
0:34 of 3rd period - Stopped by Jaroslav Halak with a rebound.
0:36 of 3rd period - Slapshot by Matt Smaby.
0:36 of 3rd period - Stopped by Jaroslav Halak with a rebound.
1:02 of 3rd period - Pavel Datsyuk is hit by Loui Eriksson.
1:22 of 3rd period - Brent Seabrook is hit by Dany Heatley.
1:53 of 3rd period - Penalty to Marek Zidlicky is over, Marek Zidlicky is back on ice.
2:35 of 3rd period - Jonathan Ericsson is hit by Mikael Samuelsson and loses puck.
2:36 of 3rd period - Jonathan Ericsson from Flyers is injured at 2:36 of 3rd period (Fractured Right Foot).
2:37 of 3rd period - Pavel Datsyuk wins face-off versus Kyle Wellwood in Flyers zone.
3:02 of 3rd period - Brad Richards is hit by Dany Heatley and loses puck.
3:23 of 3rd period - Snap shot by Matthew Lombardi.
3:23 of 3rd period - Shot Misses the Net.
3:25 of 3rd period - Slapshot by Matthew Lombardi.
3:25 of 3rd period - Shot Hit the Post.
3:27 of 3rd period - Wrist shot by Rostislav Olesz.
3:27 of 3rd period - Stopped by Jaroslav Halak without a rebound.
3:28 of 3rd period - Pavel Datsyuk wins face-off versus Matthew Lombardi in Capitals zone.
3:53 of 3rd period - Pavel Kubina is hit by Brian Campbell and loses puck.
4:21 of 3rd period - Brad Richards is hit by Rostislav Olesz and loses puck.
4:34 of 3rd period - Slapshot by Thomas Vanek.
4:34 of 3rd period - Shot Misses the Net.
4:58 of 3rd period - Off-side.
4:59 of 3rd period - Jakub Voracek wins face-off versus Kyle Wellwood in neutral zone.
5:08 of 3rd period - Wrist shot by Thomas Vanek.
5:08 of 3rd period - Stopped by Cory Schneider without a rebound.
5:09 of 3rd period - Kyle Wellwood wins face-off versus Pavel Datsyuk in Flyers zone.
5:09 of 3rd period - Kyle Wellwood is hit by Brent Seabrook.
6:01 of 3rd period - Minor Penalty to Thomas Vanek for Hooking.
6:02 of 3rd period - Jeff Carter wins face-off versus Pavel Datsyuk in Capitals zone.
8:01 of 3rd period - Penalty to Thomas Vanek is over, Thomas Vanek is back on ice.
8:04 of 3rd period - Snap shot by Thomas Vanek.
8:04 of 3rd period - Stopped by Cory Schneider without a rebound.
8:05 of 3rd period - Matthew Lombardi wins face-off versus Tyler Johnson in Flyers zone.
8:49 of 3rd period - Keith Yandle is hit by Pavel Kubina and loses puck.
9:36 of 3rd period - Snap shot by Patrick Marleau.
9:36 of 3rd period - Stopped by Jaroslav Halak without a rebound.
9:37 of 3rd period - Kyle Wellwood wins face-off versus Pavel Datsyuk in Capitals zone.
9:48 of 3rd period - Slapshot by Thomas Vanek.
9:48 of 3rd period - Shot Misses the Net.
9:50 of 3rd period - Slapshot by Mark Streit.
9:50 of 3rd period - Stopped by Cory Schneider with a rebound.
9:52 of 3rd period - Snap shot by Jakub Voracek.
9:52 of 3rd period - Shot Blocked by Kyle Wellwood.
10:02 of 3rd period - Mark Streit is hit by Jeff Woywitka and loses puck.
11:00 of 3rd period - Wrist shot by Matthew Lombardi.
11:00 of 3rd period - Shot Blocked by Brian Campbell.
11:20 of 3rd period - Brent Seabrook is hit by Dany Heatley and loses puck.
11:51 of 3rd period - Minor Penalty to Kyle Wellwood for Hooking.
11:52 of 3rd period - Rostislav Olesz wins face-off versus Pavel Datsyuk in Flyers zone.
12:08 of 3rd period - Snap shot by Johan Franzen.
12:08 of 3rd period - Shot Misses the Net.
13:02 of 3rd period - Snap shot by Rostislav Olesz.
13:02 of 3rd period - Stopped by Jaroslav Halak without a rebound.
13:03 of 3rd period - Brad Richards wins face-off versus Jeff Carter in Capitals zone.
13:10 of 3rd period - Jeff Carter is hit by Brad Richards and loses puck.
13:51 of 3rd period - Penalty to Kyle Wellwood is over, Kyle Wellwood is back on ice.
14:09 of 3rd period - Wrist shot by Mikael Samuelsson.
14:09 of 3rd period - Shot Misses the Net.
14:23 of 3rd period - Wrist shot by Tyler Johnson.
14:23 of 3rd period - Deflect By James Neal.
14:23 of 3rd period - Goal by James Neal - Capitals : 1 - Flyers : 2.
14:24 of 3rd period - Kyle Wellwood wins face-off versus Pavel Datsyuk in neutral zone.
14:24 of 3rd period - Kyle Wellwood is hit by Jakub Voracek.
14:55 of 3rd period - Wrist shot by Jeff Carter.
14:55 of 3rd period - Deflect By Dany Heatley.
14:55 of 3rd period - Shot Blocked by Brent Seabrook.
14:55 of 3rd period - Puck is out of play.
14:56 of 3rd period - Brad Richards wins face-off versus Jeff Carter in Capitals zone.
14:58 of 3rd period - Icing by Brian Campbell.
14:59 of 3rd period - Brad Richards wins face-off versus Kyle Wellwood in Capitals zone.
14:59 of 3rd period - Brad Richards is hit by Kyle Wellwood.
15:06 of 3rd period - Minor Penalty to Patrik Elias for Hooking.
15:07 of 3rd period - Pavel Datsyuk wins face-off versus Georges Laraque in Capitals zone.
15:07 of 3rd period - Pavel Datsyuk is hit by Jeff Carter.
15:17 of 3rd period - Mark Streit is hit by Matt Smaby and loses puck.
17:06 of 3rd period - Penalty to Patrik Elias is over, Patrik Elias is back on ice.
17:21 of 3rd period - Snap shot by Patrik Elias.
17:21 of 3rd period - Stopped by Cory Schneider without a rebound.
17:22 of 3rd period - Jeff O'Neill wins face-off versus Pavel Datsyuk in Flyers zone.
17:27 of 3rd period - Snap shot by Thomas Vanek.
17:27 of 3rd period - Goal by Thomas Vanek - Capitals : 2 - Flyers : 2.
17:28 of 3rd period - Tyler Johnson wins face-off versus Jeff O'Neill in neutral zone.
17:36 of 3rd period - Off-side.
17:37 of 3rd period - James Neal wins face-off versus Jeff O'Neill in neutral zone.
18:13 of 3rd period - Wrist shot by Mats Zuccarello.
18:13 of 3rd period - Shot Blocked by James Neal.
18:15 of 3rd period - Wrist shot by Mike York.
18:15 of 3rd period - Shot Misses the Net.
18:19 of 3rd period - Snap shot by Mats Zuccarello.
18:19 of 3rd period - Shot Misses the Net.
18:23 of 3rd period - Slapshot by Mike York.
18:23 of 3rd period - Shot Misses the Net.
18:25 of 3rd period - Slapshot by Mats Zuccarello.
18:25 of 3rd period - Stopped by Jaroslav Halak with a rebound.
18:27 of 3rd period - Slapshot by Mike York.
18:27 of 3rd period - Shot Blocked by Mark Streit.
18:29 of 3rd period - Slapshot by Pavel Kubina.
18:29 of 3rd period - Deflect By James Neal.
18:29 of 3rd period - Stopped by Jaroslav Halak with a rebound.
18:31 of 3rd period - Slapshot by Mike York.
18:31 of 3rd period - Deflect By Tyler Johnson.
18:31 of 3rd period - Stopped by Jaroslav Halak with a rebound.
18:33 of 3rd period - Slapshot by Pavel Kubina.
18:33 of 3rd period - Deflect By Mats Zuccarello.
18:33 of 3rd period - Deflect By Mark Streit.
18:33 of 3rd period - Shot Misses the Net.
18:33 of 3rd period - Puck is out of play.
18:34 of 3rd period - Pavel Datsyuk wins face-off versus Matthew Lombardi in Capitals zone.
19:06 of 3rd period - Slapshot by Keith Yandle.
19:06 of 3rd period - Deflect By Brad Richards.
19:06 of 3rd period - Shot Misses the Net.
19:06 of 3rd period - Puck is out of play.
19:07 of 3rd period - Brad Richards wins face-off versus Jeff Carter in Flyers zone.
19:11 of 3rd period - Icing by Matt Smaby.
19:12 of 3rd period - Jeff Carter wins face-off versus Brad Richards in Flyers zone.
19:12 of 3rd period - Jeff Carter is hit by Patrik Elias.
19:22 of 3rd period - Wrist shot by Georges Laraque.
19:22 of 3rd period - Deflect By Jeff Carter.
19:22 of 3rd period - Stopped by Jaroslav Halak with a rebound.
19:24 of 3rd period - Slapshot by Matt Smaby.
19:24 of 3rd period - Shot Blocked by Mark Streit.
19:26 of 3rd period - Snap shot by Matt Smaby.
19:26 of 3rd period - Stopped by Jaroslav Halak with a rebound.
19:28 of 3rd period - Snap shot by Dany Heatley.
19:28 of 3rd period - Stopped by Jaroslav Halak without a rebound.
19:29 of 3rd period - Tyler Johnson wins face-off versus Matthew Lombardi in Capitals zone.
19:31 of 3rd period - Minor Penalty to James Neal for Slashing.
19:32 of 3rd period - Pavel Datsyuk wins face-off versus Jeff Carter in Capitals zone.
19:46 of 3rd period - Wrist shot by Matt Smaby.
19:46 of 3rd period - Stopped by Jaroslav Halak without a rebound.
19:47 of 3rd period - Kyle Wellwood wins face-off versus Pavel Datsyuk in Capitals zone.
Goals for this period are 2 for Capitals vs 0 for Flyers.
Shots for this period are 6 for Capitals vs 14 for Flyers.
Overtime #1
0:01 of 1st overtime period - Jeff Carter wins face-off versus Pavel Datsyuk in neutral zone.
0:04 of 1st overtime period - Slapshot by Matt Smaby.
0:04 of 1st overtime period - Deflect By Dany Heatley.
0:04 of 1st overtime period - Stopped by Jaroslav Halak without a rebound.
0:05 of 1st overtime period - Jeff Carter wins face-off versus Pavel Datsyuk in Capitals zone.
1:31 of 1st overtime period - Penalty to James Neal is over, James Neal is back on ice.
1:41 of 1st overtime period - Snap shot by Brad Richards.
1:41 of 1st overtime period - Shot Blocked by Dave Tanabe.
1:48 of 1st overtime period - Off-side.
1:49 of 1st overtime period - Pavel Datsyuk wins face-off versus Jeff O'Neill in neutral zone.
2:18 of 1st overtime period - Off-side.
2:19 of 1st overtime period - Tyler Johnson wins face-off versus Kyle Wellwood in neutral zone.
2:21 of 1st overtime period - Off-side.
2:22 of 1st overtime period - Tyler Johnson wins face-off versus Kyle Wellwood in neutral zone.
2:52 of 1st overtime period - Snap shot by Dany Heatley.
2:52 of 1st overtime period - Shot Misses the Net.
2:54 of 1st overtime period - Snap shot by Jeff Carter.
2:54 of 1st overtime period - Goal by Jeff Carter - Capitals : 2 - Flyers : 3.
Goals for this period are 0 for Capitals vs 1 for Flyers.
Shots for this period are 0 for Capitals vs 2 for Flyers.
Back to the Top